Zazza, neutral female human Tourist --- ---- --.-- --- |...---...| --- ---.--- -- --.........-- --.-- |.....| --..............|----.....-- ---.....--- |...............|..|.......---|....--...| -....................--.-----.).| |...............h.....G@| |.....-- --........^...-- | |.-.-----......| |.....--....--- |...----......-- |.....--....| ---.--..........| --.|....<...------>..||..........- | - ---------.--......--...------............^...... |...........................| --.....(..........--- - -- ------------.----- |..................- --- |..--.................. |..|---........-- ------ ---- --.------ -- Zazza the Rambler Experience level: 1 Strength: 11 Dexterity: 9 Constitution: 17 Intelligence: 11 Wisdom: 11 Charisma: 16 Health: 0(10) Energy: 3(3) Def: 1 Gold: 451 Moves: 969 Dungeon seed: n5W1ydlf_qoKRoWD Game ID: Zazza_1575562956 Your Inventory: Coins $ - 451 gold pieces Weapons a - 39 +2 darts (in quiver) r - a +0 orcish dagger v - 5 cursed +0 daggers (wielded) x - a blessed +1 sling z - 2 +0 daggers B - a +0 aklys Armor e - an uncursed +0 Hawaiian shirt (being worn) q - an uncursed +0 orcish helm y - an uncursed +0 orcish helm (being worn) Comestibles b - 3 uncursed food rations c - 2 uncursed tripe rations d - 2 uncursed eggs Scrolls j - 2 uncursed scrolls of magic mapping k - 2 blessed scrolls of magic mapping n - an uncursed scroll of stinking cloud o - an uncursed scroll of taming Spellbooks s - an uncursed spellbook of light Potions i - 2 uncursed potions of extra healing p - an uncursed potion of speed Rings u - an uncursed ring of cold resistance Tools l - an expensive camera (0:70) m - an uncursed credit card w - 5 uncursed tallow candles (0:200) A - an uncursed wax candle (0:400) Spells and supernatural/magical abilities: Name Level Category Fail Memory W - pray for help -- divine ? -- Your skills at the end: Fighting Skills Weapon Skills dart [Basic] Spellcasting Skills Final Attributes: You were nominally aligned. You are dead. Vanquished creatures: a kitten a hobbit 3 gnomes 2 jackals 3 goblins 3 lichens 2 kobold zombies 6 newts 21 creatures vanquished. Voluntary challenges: You were an atheist. You used a wielded weapon 3 times, starting on turn 337. You read items or engraved 1 time, starting on turn 677. You never genocided any monsters. You never polymorphed an object. You never changed form. You used no wishes. You never split a pudding. You never wrote Elbereth's name. You never violated your personal moral code. Dungeon overview: The Dungeons of Doom: levels 1 to 2 Level 1 an altar to Blind Io a long staircase Level 2 a scroll shop, some fountains stairs to The Gnomish Mines The Gnomish Mines: Level 3 <- You were here stairs to The Dungeons of Doom History has recorded: On T:1 you entered the Dungeons of Doom to retrieve the Amulet of Yendor! On T:482 you reached level 2 of The Dungeons of Doom. On T:827 you reached level 1 of The Gnomish Mines. Score breakdown: Gold: 74 ( 6378 points) Experience: 1 level ( 0 points) Exploration: 3 levels ( 6.38%) ( 6255 points) Discoveries: 0 items ( 0.00%) ( 0 points) Valuables value: (no points given unless you survive) Artifact value: 0 ( 0 points) Variety of kills: 8 monsters ( 2.10%) ( 4347 points) Turncount: 969 turns ( 0 points) Survival: died (score multiplied by 80%) Total score: 13584 Latest messages: Armand misses the gnome lord. You hear a nearby zap. The magic missile misses Ptife. You hear a nearby zap. The magic missile hits Ptife! You hear a distant squeak. You hear a nearby zap. The magic missile hits Ptife! The magic missile bounces! You hear a nearby zap. The magic missile hits Armand. The magic missile bounces! Armand is killed by the magic missile! You hear a nearby zap. The magic missile hits Ptife! The magic missile bounces! The magic missile hits Ptife! Ptife bites the gnome lord. The gnome lord misses Ptife. The dagger misses Ptife. You hear some noises. It is hit. You hit the gnome. The gnome hits! You die... Final status: Aloha Zazza the Tourist, killed by a gnome... You died in The Gnomish Mines on dungeon level 3 with 13584 points, and 451 pieces of gold, after 969 moves. You were level 1 with a maximum of 10 hit points when you died.